 Dungeon Crawl Stone Soup version 0.25-a0-435-g4b9beb1024 (webtiles) character file.

Game seed: 17984523233819163147, levelgen mode: deterministic

401 LSt the Changer (level 6, -5/38 HPs)
             Began as an Octopode Transmuter on Jan 27, 2020.
             Shot with an arrow by a centaur (6 damage)
             ... on level 4 of the Dungeon.
             The game lasted 00:34:54 (5587 turns).

LSt the Changer (Octopode Transmuter)               Turns: 5587, Time: 00:34:55

Health: -5/38      AC:  1    Str: 12    XL:     6   Next: 85%
Magic:  9/9        EV: 13    Int: 15    God:
Gold:   214        SH:  0    Dex: 12    Spells: 3/9 levels left

rFire    . . .     SeeInvis .   y - +0 hand crossbow
rCold    . . .     Gourm    .   (no shield)
rNeg     . . .     Faith    .   (helmet restricted)
rPois    .         Spirit   .   (no amulet)
rElec    .         Reflect  .   (no ring)
rCorr    .         Harm     .   (no ring)
MR       .....                  (no ring)
Stlth    +++.......             (no ring)
HPRegen  0.12/turn              (no ring)
MPRegen  0.11/turn              (no ring)
                                (no ring)
                                (no ring)

@: no status effects
A: almost no armour, stealthy swim, amphibious, 8 rings, constrict 8, camouflage
1, gelatinous body 1
a: no special abilities


You were on level 4 of the Dungeon.
You were not hungry.

You visited 1 branch of the dungeon, and saw 4 of its levels.
You also visited: Sewer.

You collected 214 gold pieces.

Inventory:

Hand Weapons
 a - a +2 short sword of electrocution
 b - a +1 longbow
 y - a +0 hand crossbow (weapon)
 E - a +0 hunting sling
Missiles
 f - 109 stones
 h - 107 bolts (quivered)
 n - 33 sling bullets
 q - 51 arrows
 v - 3 poisoned darts
Jewellery
 k - a +3 ring of slaying {unknown}
 m - a +4 ring of dexterity {unknown}
Wands
 B - a wand of polymorph (6)
Scrolls
 d - a scroll of fear
 e - a scroll of random uselessness
 j - 3 scrolls of enchant weapon
 t - a scroll of blinking {unknown}
 z - a scroll of remove curse {unknown}
Potions
 o - 4 potions of might {unknown}
 r - 6 potions of heal wounds
 u - a potion of magic {unknown}
 w - 3 potions of curing {unknown}
 x - 4 potions of flight {unknown}
 A - a potion of invisibility {unknown}
 C - a potion of degeneration {unknown}
Comestibles
 c - 7 rations
 i - 3 chunks of flesh


   Skills:
 + Level 1.4 Fighting
 + Level 2.1 Dodging
 + Level 3.2 Stealth
 - Level 3.0 Unarmed Combat
 - Level 2.0 Spellcasting
 - Level 6.0 Transmutations
 - Level 2.2 Poison Magic


You had 3 spell levels left.
You knew the following spells:

 Your Spells              Type           Power        Failure   Level  Hunger
a - Beastly Appendage     Tmut           ###...       1%          1    #......
b - Sticks to Snakes      Tmut           ###.....     2%          2    ###....
c - Spider Form           Tmut/Pois      ##........   12%         3    ###....

Your spell library contained the following spells:

 Spells                   Type           Power        Failure   Level  Hunger
 Blade Hands              Tmut           ###.......   45%         5    ######.
 Ice Form                 Ice/Tmut       ##......     54%         4    #####..


Dungeon Overview and Level Annotations

Branches:
Dungeon (4/15)              Sewer (visited)
 Temple: D:4-7

Altars:
Gozag

Annotations:
D:4 Menkaure


Innate Abilities, Weirdness & Mutations

You cannot wear most types of armour.
You are very stealthy in the water. (Stealth+)
You are amphibious.
You can wear up to eight rings at the same time.
You can use your tentacles to constrict eight enemies at once.
Your skin changes colour to match your surroundings (Stealth+).
Your rubbery body absorbs attacks. (AC +1, EV +1)


Message History

Press: ? - help, v - describe, . - travel, g - get item
Here: Menkaure (almost destroyed, fast) 5 bolts.
Some shallow water.
The centaur is too close now for your liking.
The centaur wields a +0 shortbow.
The centaur shoots an arrow.
The arrow hits you!
* * * LOW HITPOINT WARNING * * *
You see here an arrow.
Okay, then.
Aiming: Polymorph
Press: ? - help, Shift-Dir - straight line, f - centaur
Aim: a centaur, wielding a +0 shortbow and quivering 16 arrows (chance to defeat MR: 46%)
Okay, then.
Okay, then.
Okay, then.
As you read the scroll of fog, it crumbles to dust.
The scroll dissolves into smoke.
The centaur shoots an arrow.
The arrow hits you.
You die...

#..#.### #......# #.....#
####.÷.<# #.)..÷.## ###
########
##.....######.###.##...##
#.......§..##.#.........##
#.......§§§§§.......[....#
.....c.....§@§.............#
..........§§#§....#...######
.#..........#....##...#
...............#####..#
...#...........# ####
.8.#..##......##
............##
.....#.......#≈≈≈
≈≈≈.........≈≈≈≈≈


You could see a centaur.

Vanquished Creatures
  2 big kobolds (Sewer)
  Robin (D:3)
  8 adders
  6 river rats (Sewer)
  2 worms (D:3)
  3 dart slugs
  A leopard gecko (D:3)
  4 ball pythons
  7 giant cockroaches
  13 goblins
  14 hobgoblins
  2 quokkas
  9 bats
  4 frilled lizards
  19 kobolds
  25 rats
120 creatures vanquished.

Vanquished Creatures (collateral kills)
  An adder (D:2)
  A bat (D:2)
2 creatures vanquished.

Grand Total: 122 creatures vanquished

Notes
Turn   | Place    | Note
-------+----------+-------------------------------------------
     0 | D:1      | LSt the Octopode Transmuter began the quest for the Orb.
     0 | D:1      | Reached XP level 1. HP: 13/13 MP: 3/3
   208 | D:1      | Reached XP level 2. HP: 18/18 MP: 3/5
   257 | D:1      | Learned a level 2 spell: Sticks to Snakes
   334 | D:1      | Reached skill level 3 in Transmutations
   641 | D:1      | Reached XP level 3. HP: 22/23 MP: 4/6
   737 | D:1      | Learned a level 3 spell: Spider Form
   959 | D:2      | Reached skill level 1 in Poison Magic
  1342 | D:2      | Reached XP level 4. HP: 20/28 MP: 4/7
  2427 | D:2      | Reached skill level 4 in Transmutations
  2692 | D:3      | Noticed Robin
  3007 | D:3      | Found an opulent altar of Gozag.
  3144 | D:3      | Found a glowing drain.
  3191 | Sewer    | Entered a sewer
  3318 | Sewer    | Reached XP level 5. HP: 33/33 MP: 1/8
  3464 | Sewer    | Noticed a big kobold
  3480 | Sewer    | Killed a big kobold
  3480 | Sewer    | Reached skill level 5 in Transmutations
  3641 | Sewer    | Reached XP level 6. HP: 38/38 MP: 7/9
  4427 | Sewer    | Reached skill level 6 in Transmutations
  5257 | D:3      | Killed Robin
  5573 | D:4      | Noticed Menkaure
  5586 | D:4      | HP: 1/38 [centaur/arrow (11)]
  5587 | D:4      | Shot with an arrow by a centaur

Levels and vault maps discovered:
D:1:      scummos_arrival_forest, layout_rooms
D:2:      layout_loops_ring, minmay_randomly_rotated_circles
D:3:      layout_basic, cheibrodos_sewer_entry_bend,
          nicolae_gozag_cash_rules_everything_around_me, uniq_robin
D:4:      wander_river, layout_cave_pools, lemuel_crystal_altar, uniq_menkaure,
          uniq_edmund, uniq_ijyb

Skill      XL: |  1  2  3  4  5  6 |
---------------+-------------------+-----
Transmutations | 3 4 5 6 |  6.0
Poison Magic   | 2 |  2.2
Stealth        | 3 |  3.2
Fighting       | |  1.4
Dodging        | |  2.1
Unarmed Combat | |  3.0
Spellcasting   | |  2.0

Action                   |  1- 3 |  4- 6 || total
-------------------------+-------+-------++-------
Melee: Unarmed           |    71 |    46 ||   117
       Kick              |    17 |    23 ||    40
       Constrict         |    20 |    41 ||    61
       Tentacles         |     9 |    23 ||    32
       Short sword       |       |   109 ||   109
       Punch             |       |     2 ||     2
 Fire: Longbow           |       |     3 ||     3
       Hand crossbow     |       |    19 ||    19
Throw: Stone             |    39 |    73 ||   112
 Cast: Beastly Appendage |    22 |    18 ||    40
       Sticks to Snakes  |     3 |       ||     3
       Spider Form       |       |     4 ||     4
  Use: Scroll            |       |     8 ||     8
 Stab: Sleeping          |     1 |     2 ||     3
  Eat: Chunk             |     2 |    14 ||    16
Armor: Skin              |     7 |     5 ||    12
Dodge: Dodged            |    51 |    79 ||   130

Table legend:
 A = Non-vault XP
 B = Vault XP
 C = Vault XP percentage of total XP
 D = Non-vault monster count
 E = Vault monster count
 F = Vault count percentage of total count
                 A         B        C        D         E       F
            +---------+---------+-------+---------+---------+-------
      Total |     149 |     425 |  74.0 |      54 |      68 |  55.7
            +---------+---------+-------+---------+---------+-------
        D:1 |      34 |       0 |   0.0 |      18 |       0 |   0.0
        D:2 |      62 |      24 |  27.9 |      20 |       7 |  25.9
        D:3 |      24 |      43 |  64.2 |      13 |      13 |  50.0
        D:4 |      29 |       0 |   0.0 |       3 |       0 |   0.0
      Sewer |       0 |     358 | 100.0 |       0 |      48 | 100.0
            +---------+---------+-------+---------+---------+-------
